 Dungeon Crawl Stone Soup version 0.29-a0-334-gb41bcbb86e (webtiles) character file.

Game seed: 16230504122761543205

73 zazu2006 the Magician (level 4, -3/36 HPs)
             Began as a Naga Hedge Wizard on Apr 13, 2022.
             Slain by Natasha (4 damage)
             ... on level 2 of the Dungeon.
             The game lasted 00:02:51 (2005 turns).

zazu2006 the Magician (Naga Hedge Wizard)           Turns: 2005, Time: 00:02:52

Health: -3/36      AC:  2    Str: 13    XL:     4   Next: 27%
Magic:  4/10       EV:  9    Int: 16    God:
Gold:   56         SH:  0    Dex: 10    Spells: 2/11 levels left

rFire   . . .      SeeInvis +   i - +1 dagger (venom)
rCold   . . .      Faith    .   (no shield)
rNeg    . . .      Spirit   .   m - +0 leather armour
rPois   +          Reflect  .   c - +0 hat
rElec   .          Harm     .   (no cloak)
rCorr   .          Rampage  .   (no gloves)
Will    +....                   (no barding)
Stlth   ++........              j - amulet of regeneration
HPRegen 0.92/turn               n - ring of willpower
MPRegen 0.12/turn               (no ring)

@: slowed, very slow
A: AC +1, large, see invisible, deformed body, poison resistance, slowness 2,
spit poison 1, naga tail 1
a: Spit Poison


You were on level 2 of the Dungeon.
You visited 1 branch of the dungeon, and saw 2 of its levels.

You collected 56 gold pieces.

Inventory:

Hand Weapons
 f - a +3 dagger
 i - a +1 dagger of venom (weapon)
Armour
 b - a +0 robe
 c - a +0 hat (worn)
 m - a +0 leather armour (worn)
Jewellery
 j - an amulet of regeneration (around neck)
 n - a ring of willpower (left hand)
Scrolls
 a - a scroll of identify {unknown}
 e - a scroll of blinking {unknown}
 g - a scroll of fear {unknown}
 h - 2 scrolls of teleportation {unknown}
 k - a scroll of enchant weapon {unknown}
 l - a scroll of fog {unknown}
Potions
 d - a potion of magic


   Skills:
 + Level 0.2 Fighting
 + Level 1.6 Dodging
 + Level 3.4 Stealth
 + Level 4.1 Spellcasting
 + Level 1.6 Conjurations
 + Level 1.0 Summonings
 + Level 1.0 Translocations
 * Level 1.3 Poison Magic


You had 2 spell levels left.
You knew the following spells:

 Your Spells              Type           Power      Damage    Failure   Level
a - Magic Dart            Conj           32%        1d4       11%         1
b - Mephitic Cloud        Conj/Pois/Air  6%         N/A       38%         3
c - Conjure Flame         Conj/Fire      5%         6-21      41%         3
d - Blink                 Tloc           12%        N/A       22%         2

Your spell library contained the following spells:

 Spells                   Type           Power      Damage    Failure   Level
 Slow                     Hex            12%        N/A       22%         1
 Call Imp                 Summ           6%         N/A       22%         2


Dungeon Overview and Level Annotations

Branches:
Dungeon (2/15)

Altars:

Annotations:
D:2 Natasha


Innate Abilities, Weirdness & Mutations

Your serpentine skin is tough. (AC +1)
You have supernaturally acute eyesight. (SInv)
Armour fits poorly on your strangely shaped body.
Your system is resistant to poisons. (rPois)
You cover ground very slowly.
You can spit poison.
You have a snake-like lower body.


Message History

You barely miss Natasha.
Natasha is almost dead.
Natasha claws you but does no damage.
You hit Natasha.
You kill Natasha!
Suddenly Natasha's spirit rises from her lifeless body.
You have reached level 4!
You feel stronger.
Unknown command.
Natasha, Servant of Life and Death comes into view.
There is a stone staircase leading down here.
Aiming: Spit Poison (1% risk of failure)
Press: ? - help, Shift-Dir - straight line, f - Natasha
Aim: Natasha (50% to hit)
The splash of poison misses Natasha.
Natasha completely misses you.
Natasha stares at you and mumbles some strange words.
The magic dart hits you.
You closely miss Natasha.
Natasha drinks a potion.
Natasha seems to speed up.
You barely miss Natasha. Natasha claws you.
You miss Natasha. Natasha claws you! Natasha closely misses you.
You closely miss Natasha.
Natasha stares at you and mumbles some strange words.
The magic dart hits you.
You barely miss Natasha.
You have got your breath back.
Natasha stares at you and mumbles some strange words.
You feel yourself slow down. Natasha claws you.
You hit Natasha.
Natasha is lightly wounded.
Natasha stares at you and mumbles some strange words.
The magic dart hits you!
* * * LOW HITPOINT WARNING * * *
Natasha closely misses you.
You hit Natasha.
Natasha is poisoned.
Natasha is moderately wounded.
Natasha claws you.
* * * LOW HITPOINT WARNING * * *
Natasha claws you.
You die...

... .. .... ......
.... ### #.#..####
..... .. #.#.#...
.h... # #.# #.#.#.#
...... # ..#
####.....# #...... #
#.# #>.....>###†..#
#####.###.##....@h.†#
................)..##
.......#####^......#
#..###..#####..(...#
##..###....##......#
##.######.##......# #
#....# #....†....#
...###.# ##..#.....#
...###.# ##...######


You could see Natasha (fast, very poisoned).

Vanquished Creatures
  Natasha (D:2)
  An adder (D:2)
  2 dart slugs
  4 endoplasms
  4 goblins
  4 hobgoblins (D:1)
  2 quokkas
  3 bats
  A frilled lizard (D:1)
  7 kobolds
  5 rats
34 creatures vanquished.

Notes
Turn   | Place    | Note
-------+----------+-------------------------------------------
     0 | D:1      | zazu2006 the Naga Hedge Wizard began the quest for the Orb.
     0 | D:1      | Reached XP level 1. HP: 15/15 MP: 4/4
   273 | D:1      | Reached XP level 2. HP: 9/22 MP: 0/6
  1069 | D:1      | Reached XP level 3. HP: 26/28 MP: 2/8
  1507 | D:2      | Learned a level 3 spell: Mephitic Cloud
  1511 | D:2      | Learned a level 3 spell: Conjure Flame
  1514 | D:2      | Learned a level 2 spell: Blink
  1605 | D:2      | Reached skill level 4 in Spellcasting
  1879 | D:2      | Reached skill level 1 in Poison Magic
  1972 | D:2      | Noticed Natasha
  1980 | D:2      | Killed Natasha
  1981 | D:2      | Reached XP level 4. HP: 35/36 MP: 1/10
  1993 | D:2      | Noticed Natasha
  2005 | D:2      | HP: 1/36 [Natasha (6)]
  2005 | D:2      | Slain by Natasha

Illustrated notes

Levels and vault maps discovered:
D:1:      minmay_arrival_hallway, layout_loops_ring, minmay_crystal_room
D:2:      layout_rooms, feat_on_display, uniq_natasha

Skill      XL: |  1  2  3 |
---------------+----------+-----
Spellcasting   | 4 |  4.1
Poison Magic   | 1 |  1.3
Fighting       | |  0.2
Dodging        | |  1.6
Stealth        | |  3.4
Conjurations   | |  1.6
Summonings     | |  1.0
Translocations | |  1.0

Action                   |  1- 3 |  4- 6 || total
-------------------------+-------+-------++-------
Melee: Dagger            |    11 |     7 ||    18
 Cast: Magic Dart        |    80 |       ||    80
 Abil: Spit Poison       |     7 |     1 ||     8
Armor: Robe              |     5 |       ||     5
       Leather armour    |     1 |       ||     1
Dodge: Dodged            |    13 |     3 ||    16

Table legend: (Time is in decaauts)
 A = Elapsed time spent in this place.
 B = Non-inter-level travel time spent in this place.
 C = Inter-level travel time spent in this place.
 D = Time resting spent in this place.
 E = Time spent auto-exploring this place.
 F = Levels seen in this place.
 G = Mean time per level.
                   A        B        C        D        E       F      G
               +--------+--------+--------+--------+--------+-----+--------+
         Total |   2330 |   2324 |      6 |      0 |   2068 |   2 | 1165.0 |
       Dungeon |   2330 |   2324 |      6 |      0 |   2068 |   2 | 1165.0 |
               +--------+--------+--------+--------+--------+-----+--------+

Top non-repeatable levels by time:
     D:1: 1785 daAuts
     D:2: 545 daAuts
